[Event "EICC 2021"]
[Site "Reykjavik"]
[Date "2021.09.03"]
[Round "9.35"]
[White "Vrolijk, Liam"]
[Black "Suleymanli, Aydin"]
[Result "1/2-1/2"]
[ECO "D31"]
[WhiteElo "2480"]
[BlackElo "2536"]
[Annotator "ChessBase"]
[PlyCount "75"]
[EventDate "2021.08.26"]
[EventType "swiss"]
[EventCountry "ISL"]
[Tiebreak "Cut1 Buchholz"]
[SourceTitle "playchess.com"]
[Source "ChessBase"]
[SourceQuality "1"]
[TimeControl "40/5400+30:1800+30"]

1. d4 d5 2. c4 e6 3. Nc3 a6 4. cxd5 exd5 5. Bf4 Nf6 6. e3 Bd6 7. Bg5 c6 8. Bd3 Be6 9. Qc2 Nbd7 10. f4 h6 11. Bh4 g5 12. fxg5 Ng4 13.
Nf3 Be7 14. Qd2 hxg5 15. Bg3 Nh6 16. Rf1 b5 17. e4 b4 18. Nd1 dxe4 19. Bxe4 Rc8 20. Ne3 f5 21. d5 fxe4 22. dxe6 Nc5 23. Qxd8+ Rxd8 24. Ne5 Nxe6 25. Nxc6 Rd3 26. Nc4 Ng4 27. N6e5 Nxe5 28. Bxe5 Rh6 29. Rd1 Nf4 30. Bxf4 gxf4 31. Rxd3 exd3 32. Kd2 Rxh2 33. Kxd3 Rxg2 34. Rxf4 Kd7 35. Rf5 Kc6 36. Re5 Bc5 37. Na5+ Kb6 38. Nc4+ 1/2-1/2

[Event "EICC 2021"]
[Site "Reykjavik"]
[Date "2021.09.03"]
[Round "9.36"]
[White "Kanyamarala, Tarun"]
[Black "Plat, Vojtech"]
[Result "0-1"]
[ECO "C41"]
[WhiteElo "2369"]
[BlackElo "2531"]
[Annotator "ChessBase"]
[PlyCount "238"]
[EventDate "2021.08.26"]
[EventType "swiss"]
[EventCountry "ISL"]
[Tiebreak "Cut1 Buchholz"]
[SourceTitle "playchess.com"]
[Source "ChessBase"]
[SourceQuality "1"]
[TimeControl "40/5400+30:1800+30"]

1. d4 d6 2. e4 Nf6 3. Nc3 e5 4. Nge2 exd4 5. Nxd4 Be7 6. g3 O-O 7. Bg2 Re8 8. O-O Nbd7 9. h3 Bf8 10. Re1 a5 11. a4 Nc5 12. Bf4 c6 13.
Qd2 Qb6 14. b3 Qb4 15. Rad1 Bd7 16. g4 Rad8 17. Re3 Ne6 18. Nxe6 Bxe6 19. Rd3 Rd7 20. Rd4 Qc5 21. Be3 Qa3 22. Nb1 Qb2 23. Rd3 c5 24. c4 Qxd2 25. R1xd2 Rc8 26. Nc3 Ne8 27. Nb5 f6 28. Bf4 Rcd8 29. Bg3 Nc7 30. Nc3 Na6 31. f4 Nb4 32. Re3 Bf7 33. Re1 g5 34. Red1 gxf4 35. Bxf4 Nc6 36. Nb5 Ne5 37. Rf2 Be6 38. Kh1 Be7 39. Bg3 Kg7 40. Nc3 Rh8 41. Ne2 h5 42. gxh5 Bf7 43. Nf4 Bxh5 44. Rg1 Bf7 45. Bf1 Kf8 46. Bh2 Rd8 47. Be2 Ke8 48. Bg4 Nxg4 49. Rxg4 Rh7 50. Rfg2 Bf8 51. R2g3 Rd7 52. Kg2 Re7 53. Kf3 Re5 54. Nd5 Bxd5 55. exd5 f5 56. Rf4 Kf7 57. Kg2 Be7 58. Rf1 Re2+ 59. Kh1 Rh5 60. Rgf3 Ke8 61. Bg1 Rh7 62. Bf2 Kd7 63. Kg2 Rb2 64. Kh1 Bf6 65. Rxf5 Rh6 66. h4 Rxh4+ 67. Kg2 Rh6 68. Rf3 Be5 69. Rh1 Rg6+ 70. Kh3 Kc7 71. Re1 Kb6 72. Re4 Rh6+ 73. Kg4 Rh1 74. Bg3 Rg2 75. Ree3 Rh8 76. Rd3 Rg1 77. Kf5 Rf8+ 78. Kg4 Rg8+ 79. Kh3 Bd4 80. Rf5 Ka7 81. Rff3 Rg6 82. Rf4 Be5 83. Rff3 Rh6+ 84. Kg4 Rh8 85. Kf5 Rf8+ 86. Kg4 Rg8+ 87. Kh3 Bd4 88. Rf4 Kb6 89. Rff3 Rg7 90. Rf4 Kc7 91. Rdf3 Rh7+ 92. Kg4 Kd8 93. Kf5 Kd7 94. Ke4 Re7+ 95. Kd3 Be5 96. Rg4 Rg2 97. Re3 Rf7 98. Ke4 Bd4 99. Rf3 Re2+ 100. Kd3 Rxf3+ 101. Kxe2 Rxb3 102. Rg6 Be5 103. Bxe5 dxe5 104. Rg7+ Kd6 105. Rg6+ Kc7 106. Kd2 Rb4 107. Kd3 e4+ 108.
Kxe4 Rxc4+ 109. Ke5 Rxa4 110. Rg7+ Kb6 111. Rg6+ Kb5 112. Rg7 b6 113. d6 Rd4 114. Ke6 a4 115. Ra7 c4 116. d7 c3 117. Ra8 Kb4 118. Ra6 Rxd7 119. Kxd7 b5 0-1

[Event "EICC 2021"]
[Site "Reykjavik"]
[Date "2021.09.03"]
[Round "9.37"]
[White "Petrov, Martin"]
[Black "Lubbe, Nikolas"]
[Result "1-0"]
[ECO "B45"]
[WhiteElo "2521"]
[BlackElo "2427"]
[Annotator "ChessBase"]
[PlyCount "125"]
[EventDate "2021.08.26"]
[EventType "swiss"]
[EventCountry "ISL"]
[Tiebreak "Cut1 Buchholz"]
[SourceTitle "playchess.com"]
[Source "ChessBase"]
[SourceQuality "1"]
[TimeControl "40/5400+30:1800+30"]

1. e4 c5 2. Nf3 e6 3. d4 cxd4 4. Nxd4 Nf6 5. Nc3 Nc6 6. a3 d6 7. Be3 Be7 8. Qe2 Nxd4 9. Bxd4 e5 10. Be3 O-O 11. O-O-O Be6 12. Qe1 Rc8 13. Kb1 a6 14. f4 exf4 15. Bxf4 Qb6 16. Be3 Qc6 17. Bd3 Rfe8 18. Bd4 Nd7 19. Rf1 Ne5 20. Qg3 Bf8 21. Be2 b5 22. h4 Qb7 23. h5 b4 24. axb4 Qxb4 25. Nd5 Bxd5 26. exd5 Nc4 27. Bxc4 Qxc4 28. Qf2 Rc7 29. Rd3 Rec8 30. h6 Qxc2+ 31. Qxc2 Rxc2 32. hxg7 Be7 33. Rdf3 f6 34. Re1 R2c7 35. g4 h6 36. Bxf6 Bxf6 37. Rxf6 Rxg7 38. Re4 Rd8 39. Rxh6 Rg5 40. Rh5 Rg7 41. Ra4 Rb8 42. g5 Rb6 43. Rc4 Re7 44. Rh6 Reb7 45. Rc2 Kg7 46. Re6 a5 47. g6 Rb8 48. Rc7+ Kg8 49. Rc2 Rf8 50. Rc6 Rf1+ 51. Ka2 Rb4 52. Rc8+ Kg7 53. Rc7+ Kg8 54. Re8+ Rf8 55. Rxf8+ Kxf8 56. Rd7 Rg4 57. Rxd6 Rg5 58. Kb3 Ke7 59. Re6+ Kd7 60. Kc4 Rg2 61. Ra6 Rxb2 62. g7 Rg2 63. Ra8 1-0

[Event "EICC 2021"]
[Site "Reykjavik"]
[Date "2021.09.03"]
[Round "9.39"]
[White "Stefansson, Hannes"]
[Black "Samadov, Read"]
[Result "1/2-1/2"]
[ECO "D38"]
[WhiteElo "2519"]
[BlackElo "2360"]
[Annotator "ChessBase"]
[PlyCount "113"]
[EventDate "2021.08.26"]
[EventType "swiss"]
[EventCountry "ISL"]
[Tiebreak "Cut1 Buchholz"]
[SourceTitle "playchess.com"]
[Source "ChessBase"]
[SourceQuality "1"]
[TimeControl "40/5400+30:1800+30"]

1. d4 Nf6 2. c4 e6 3. Nf3 d5 4. Nc3 Bb4 5. cxd5 exd5 6. Bg5 O-O 7. e3 h6 8. Bh4 Bf5 9. Be2 Nbd7 10. O-O c6 11. Qb3 Qb6 12. Bg3 Be7 13.
Nd2 Rfe8 14. Rac1 Rac8 15. Rfd1 Be6 16. a3 g6 17. h3 Kg7 18.
Bh2 h5 19. Bd3 Rh8 20. Ne2 Nf8 21. Qc3 Qd8 22. e4 dxe4 23. Nxe4 Nd5 24. Qd2 Nd7 25. Nd6 Bxd6 26. Bxd6 h4 27. Nc3 Rh5 28. Be2 Rh8 29. Bf3 N7b6 30. Ne4 Bf5 31. Be5+ f6 32. Bh2 Bxe4 33. Bxe4 Qe8 34. Qd3 Qf7 35. Kh1 Rce8 36. Rg1 Re6 37. Qf3 Rh5 38. Bd3 Nc8 39. g4 hxg3 40. Rxg3 g5 41. Rg4 Nce7 42. h4 Ng6 43. Bxg6 Qxg6 44. hxg5 fxg5 45. Kg1 Qf7 46. Be5+ Kg6 47. Qg2 Qf5 48. Qe4 Qxe4 49. Rxe4 Kf5 50. f3 Reh6 51. Kg2 g4 52. Bg3 gxf3+ 53. Kxf3 Rh1 54. Re5+ Kf6 55. Ree1 Rxe1 56. Rxe1 Kf7 57. Be5 1/2-1/2

[Event "EICC 2021"]
[Site "Reykjavik"]
[Date "2021.09.03"]
[Round "9.40"]
[White "Steingrimsson, Hedinn"]
[Black "Baltag, Iulian"]
[Result "1-0"]
[ECO "E32"]
[WhiteElo "2519"]
[BlackElo "2410"]
[Annotator "ChessBase"]
[PlyCount "100"]
[EventDate "2021.08.26"]
[EventType "swiss"]
[EventCountry "ISL"]
[Tiebreak "Cut1 Buchholz"]
[SourceTitle "playchess.com"]
[Source "ChessBase"]
[SourceQuality "1"]
[TimeControl "40/5400+30:1800+30"]

1. d4 Nf6 2. c4 e6 3. Nc3 Bb4 4. Qc2 b6 5. e4 c5 6. d5 Qe7 7. Nge2 exd5 8.
exd5 d6 9. Bd2 O-O 10. f3 a6 11. O-O-O b5 12. g4 Nbd7 13. g5 Ne8 14. f4 Nb6 15. Ng3 f5 16. a3 Ba5 17. b3 bxc4 18. bxc4 Qb7 19. Re1 Rb8 20. Bd3 Bd7 21. Re7 Nc8 22. Rxd7 Qxd7 23. Bxf5 Qb7 24. h4 Nb6 25. Bxh7+ Kh8 26. Bd3 Nc8 27. h5 Qb3 28. Qxb3 Rxb3 29. Kc2 Rxa3 30. f5 Nb6 31. h6 Na4 32. Nge2 Bb4 33. hxg7+ Kxg7 34. Rh6 Ra1 35. f6+ Nxf6 36. Rg6+ Kf7 37. Rxf6+ Kg7 38. Rxf8 Kxf8 39. Bf4 Ke7 40. Nxa4 Rxa4 41. Ng3 Ra2+ 42. Kd1 Ra1+ 43. Ke2 a5 44. Nf5+ Kd7 45. Nxd6 a4 46. Bf5+ Ke7 47. Nb7 Re1+ 48. Kf2 a3 49. d6+ Kf7 50. d7 Rd1 1-0

[Event "EICC 2021"]
[Site "Reykjavik"]
[Date "2021.09.04"]
[Round "10.26"]
[White "Subelj, Jan"]
[Black "Paichadze, Luka"]
[Result "0-1"]
[ECO "B10"]
[WhiteElo "2412"]
[BlackElo "2564"]
[Annotator "ChessBase"]
[PlyCount "90"]
[EventDate "2021.08.26"]
[EventType "swiss"]
[EventCountry "ISL"]
[Tiebreak "Cut1 Buchholz"]
[SourceTitle "playchess.com"]
[Source "ChessBase"]
[SourceQuality "1"]
[TimeControl "40/5400+30:1800+30"]

1. e4 c6 2. Nf3 d5 3. d3 g6 4. Nbd2 Bg7 5. d4 Nh6 6. c3 O-O 7. Be2 Bg4 8. h3 Bxf3 9. Bxf3 dxe4 10. Bxe4 Nd7 11. Nf3 Re8 12. O-O Nf5 13. Bf4 Nd6 14. Bc2 Nc4 15. Bb3 Ncb6 16. Ng5 Nd5 17. Qf3 e6 18. Bd2 N7f6 19. Qe2 a5 20. c4 Ne7 21. Bc3 Nf5 22. Rad1 Qb8 23. a4 Qf4 24. Nf3 Ne4 25. c5 Ng5 26. Ne5 Red8 27. g3 Qe4 28. Qxe4 Nxe4 29. g4 Nh4 30. f3 Nxc3 31. bxc3 Bxe5 32. dxe5 Rxd1 33. Rxd1 Nxf3+ 34. Kf2 Nxe5 35. Ke3 g5 36. Ke4 Ng6 37. Rd7 Rb8 38. Rc7 Kf8 39. Bc4 Ke8 40. Ba2 Ne7 41. Ke5 Kd8 42. Kd6 Nc8+ 43. Rxc8+ Rxc8 44. Bb1 h6 45. Be4 Rc7 0-1

[Event "EICC 2021"]
[Site "Reykjavik"]
[Date "2021.09.04"]
[Round "10.34"]
[White "Hillarp Persson, Tiger"]
[Black "Sokolovsky, Yahli"]
[Result "0-1"]
[ECO "D12"]
[WhiteElo "2543"]
[BlackElo "2415"]
[Annotator "ChessBase"]
[PlyCount "104"]
[EventDate "2021.08.26"]
[EventType "swiss"]
[EventCountry "ISL"]
[Tiebreak "Cut1 Buchholz"]
[SourceTitle "playchess.com"]
[Source "ChessBase"]
[SourceQuality "1"]
[TimeControl "40/5400+30:1800+30"]

1. d4 d5 2. c4 c6 3. Nf3 Nf6 4. e3 Bf5 5. Nc3 e6 6. Nh4 Be4 7. f3 Bg6 8. Qb3 Qc7 9. Bd2 Be7 10. cxd5 cxd5 11. Nxg6 hxg6 12. O-O-O Nc6 13. Kb1 Rc8 14. Rc1 O-O 15. Qd1 e5 16. Be1 exd4 17. exd4 Qf4 18. Bf2 Ne4 19. Nxd5 Nxf2 20. Nxf4 Nxd1 21. Rxd1 Rfd8 22. d5 g5 23. Ne2 Bf6 24. Ng3 Nb4 25. Ne4 Be5 26. a3 Nxd5 27. Bb5 Ne3 28. Rxd8+ Rxd8 29. g3 f5 30. Nxg5 Rd2 31. Ba4 Rxb2+ 32. Kc1 Bc3 33. g4 b5 34. Rd1 Nxd1 35. Bxd1 Rxh2 36. Bb3+ Kf8 37. Ne6+ Ke7 38. gxf5 Kf6 39. Nc7 Bb2+ 40. Kd1 Bxa3 41. Nxb5 Rb2 42. Bc4 Bc5 43. Nc7 Kxf5 44. Ne6 Rb4 45. Bd5 Bd4 46. Nd8 Rb2 47. Kc1 Rh2 48. Be4+ Kf4 49. Nc6 Bc5 50. Kb1 g5 51. Nd8 Be7 52. Nc6 Bf6 0-1

[Event "EICC 2021"]
[Site "Reykjavik"]
[Date "2021.09.04"]
[Round "10.35"]
[White "Suleymanli, Aydin"]
[Black "D`Costa, Lorin"]
[Result "1-0"]
[ECO "A09"]
[WhiteElo "2536"]
[BlackElo "2381"]
[Annotator "ChessBase"]
[PlyCount "61"]
[EventDate "2021.08.26"]
[EventType "swiss"]
[EventCountry "ISL"]
[Tiebreak "Cut1 Buchholz"]
[SourceTitle "playchess.com"]
[Source "ChessBase"]
[SourceQuality "1"]
[TimeControl "40/5400+30:1800+30"]

1. Nf3 d5 2. e3 Nf6 3. c4 dxc4 4. Bxc4 e6 5. Qc2 c5 6. b3 a6 7. Bb2 Nbd7 8. Be2 b6 9. d3 Bb7 10. Nbd2 Rc8 11. a3 b5 12. Rc1 Be7 13.
g4 O-O 14. g5 Nd5 15. Ne4 Re8 16. h4 Bf8 17. h5 f5 18. gxf6 N5xf6 19. h6 g6 20. Nfg5 Nxe4 21. Nxe4 Bxe4 22. dxe4 Qg5 23. Rd1 Rc7 24. Qc3 e5 25. Qa5 Ra7 26. Bxb5 axb5 27. Qxa7 Nf6 28. Qb7 Qg2 29. Rf1 Bxh6 30. Qxb5 Bxe3 31. fxe3 1-0

[Event "EICC 2021"]
[Site "Reykjavik"]
[Date "2021.09.04"]
[Round "10.36"]
[White "Ferreira, Jorge Viterbo"]
[Black "Sousa, Andre Ventura"]
[Result "1-0"]
[ECO "C84"]
[WhiteElo "2520"]
[BlackElo "2405"]
[Annotator "ChessBase"]
[PlyCount "115"]
[EventDate "2021.08.26"]
[EventType "swiss"]
[EventCountry "ISL"]
[Tiebreak "Cut1 Buchholz"]
[SourceTitle "playchess.com"]
[Source "ChessBase"]
[SourceQuality "1"]
[TimeControl "40/5400+30:1800+30"]

1. e4 e5 2. Nf3 Nc6 3. Bb5 a6 4. Ba4 Nf6 5. O-O Be7 6. d3 b5 7. Bb3 d6 8. a3 Na5 9. Ba2 c5 10. Nc3 Be6 11. Nh4 O-O 12. Nf5 Bxf5 13.
exf5 d5 14. Bg5 c4 15. Re1 Ra7 16. Rxe5 Rd7 17. Re1 Nc6 18. Ne2 Re8 19. Ng3 h6 20. Bh4 Nh7 21. Bxe7 Rdxe7 22. Qd2 Nf6 23. h3 Qd7 24. Rxe7 Rxe7 25. Rd1 Qe8 26. Kf1 Re5 27. d4 Ne4 28. Nxe4 Rxe4 29. c3 f6 30. Bb1 Re7 31. Bc2 Qb8 32. g3 a5 33. Ra1 Rd7 34. Bd1 Ne7 35.
Bf3 Rd8 36. Qe3 Kf8 37. Re1 Qd6 38. Bg4 Rb8 39. Qf3 Qc7 40.
Bh5 Rb6 41. Kg2 Qd7 42. Qf4 Qd6 43. Qg4 Qd7 44. Bg6 Qc7 45.
Qh5 Qd7 46. Bf7 Rd6 47. Be6 Qe8 48. Qf3 Qc6 49. h4 Rd8 50.
g4 Ng8 51. Re3 Qb7 52. g5 hxg5 53. hxg5 fxg5 54. Qh5 Nh6 55. Qxg5 Qe7 56. f6 Qxf6 57. Rf3 Nf7 58. Rxf6 1-0

[Event "EICC 2021"]
[Site "Reykjavik"]
[Date "2021.09.04"]
[Round "10.37"]
[White "Mazur, Stefan"]
[Black "Hjartarson, Johann"]
[Result "1-0"]
[ECO "C19"]
[WhiteElo "2416"]
[BlackElo "2519"]
[Annotator "ChessBase"]
[PlyCount "107"]
[EventDate "2021.08.26"]
[EventType "swiss"]
[EventCountry "ISL"]
[Tiebreak "Cut1 Buchholz"]
[SourceTitle "playchess.com"]
[Source "ChessBase"]
[SourceQuality "1"]
[TimeControl "40/5400+30:1800+30"]

1. e4 e6 2. d4 d5 3. Nc3 Bb4 4. e5 c5 5. a3 Bxc3+ 6. bxc3 Ne7 7. Nf3 Nbc6 8. h4 Bd7 9. a4 Qa5 10. Bd2 O-O-O 11. h5 h6 12. Qb1 f6 13. Qb5 cxd4 14. Qxa5 Nxa5 15. exf6 gxf6 16. cxd4 Nc4 17. Bc1 Nc6 18. Rh4 Nd6 19. Rf4 Ne4 20. Ba3 Be8 21. Rh4 Rg8 22. g3 f5 23. Bb5 Ng5 24. Ke2 Ne4 25. Bxc6 Bxc6 26. Ne5 Bxa4 27. Bc1 Rd6 28. Rxe4 Ra6 29. Rxa4 Rxa4 30. Rh4 Rh8 31. Kd3 Ra1 32. Rh1 Rh7 33. Re1 b5 34. Bd2 Ra3+ 35. Ke2 a5 36. Rb1 b4 37. Rb3 Ra2 38.
Kd3 Rc7 39. c3 Ra3 40. Kc2 Ra2+ 41. Rb2 Ra3 42. Rb3 Ra2+ 43. Rb2 Ra3 44. Bxh6 bxc3 45. Rb3 Ra2+ 46. Kd3 c2 47. Bc1 Ra1 48. Kd2 Rh7 49. Rc3+ Kb7 50. Kxc2 Rxh5 51. Nd3 Kb6 52. Nc5 Ra2+ 53. Bb2 Rh1 54. Kb3 1-0

[Event "EICC 2021"]
[Site "Reykjavik"]
[Date "2021.09.04"]
[Round "10.38"]
[White "Kaasen, Tor Fredrik"]
[Black "Stefansson, Hannes"]
[Result "1/2-1/2"]
[ECO "A07"]
[WhiteElo "2406"]
[BlackElo "2519"]
[Annotator "ChessBase"]
[PlyCount "74"]
[EventDate "2021.08.26"]
[EventType "swiss"]
[EventCountry "ISL"]
[Tiebreak "Cut1 Buchholz"]
[SourceTitle "playchess.com"]
[Source "ChessBase"]
[SourceQuality "1"]
[TimeControl "40/5400+30:1800+30"]

1. Nf3 d5 2. g3 g6 3. Bg2 Bg7 4. O-O e5 5. d3 Nc6 6. e4 dxe4 7. dxe4 Qxd1 8.
Rxd1 Bg4 9. c3 Nf6 10. h3 Be6 11. Re1 O-O 12. b4 Rfd8 13. Bf1 Ne8 14. a4 Nd6 15. Na3 a6 16. Ng5 Bc8 17. Nc4 h6 18. Nxd6 cxd6 19. Nf3 Be6 20. Ba3 d5 21. b5 axb5 22. axb5 Na5 23. Bb4 Nc4 24. Rac1 Rac8 25. exd5 Rxd5 26. Red1 Rxb5 27. Nd2 Rb6 28.
Nxc4 Bxc4 29. Bxc4 Rxc4 30. Rd8+ Kh7 31. Rcd1 Rf6 32. R1d7 b6 33. Kf1 e4 34. Re8 h5 35. Ree7 Kg8 36. Re8+ Kh7 37. Ree7 Kg8 1/2-1/2

[Event "EICC 2021"]
[Site "Reykjavik"]
[Date "2021.09.04"]
[Round "10.39"]
[White "Samadov, Read"]
[Black "Ftacnik, Lubomir"]
[Result "1/2-1/2"]
[ECO "D87"]
[WhiteElo "2360"]
[BlackElo "2513"]
[Annotator "ChessBase"]
[PlyCount "54"]
[EventDate "2021.08.26"]
[EventType "swiss"]
[EventCountry "ISL"]
[Tiebreak "Cut1 Buchholz"]
[SourceTitle "playchess.com"]
[Source "ChessBase"]
[SourceQuality "1"]
[TimeControl "40/5400+30:1800+30"]

1. d4 Nf6 2. c4 g6 3. Nc3 d5 4. cxd5 Nxd5 5. e4 Nxc3 6. bxc3 c5 7. Bc4 Bg7 8. Ne2 Nc6 9. Be3 O-O 10. O-O Bg4 11. f3 Bd7 12. Rb1 Rc8 13.
Bd3 Na5 14. h4 e5 15. Qe1 cxd4 16. cxd4 exd4 17. Bxd4 Ba4 18. Bxg7 Kxg7 19. Nf4 b6 20. Rb4 Qd6 21. e5 Qc5+ 22. Kh1 Bd7 23. h5 Nc6 24. h6+ Kh8 25.
Rb5 Qe7 26. Qg3 Be6 27. Nxe6 fxe6 1/2-1/2

[Event "EICC 2021"]
[Site "Reykjavik"]
[Date "2021.09.04"]
[Round "10.40"]
[White "Kozak, Adam"]
[Black "Koellner, Ruben Gideon"]
[Result "1-0"]
[ECO "C54"]
[WhiteElo "2504"]
[BlackElo "2418"]
[Annotator "ChessBase"]
[PlyCount "79"]
[EventDate "2021.08.26"]
[EventType "swiss"]
[EventCountry "ISL"]
[Tiebreak "Cut1 Buchholz"]
[SourceTitle "playchess.com"]
[Source "ChessBase"]
[SourceQuality "1"]
[TimeControl "40/5400+30:1800+30"]

1. e4 e5 2. Nf3 Nc6 3. Bc4 Bc5 4. c3 Nf6 5. d4 exd4 6. e5 d5 7. Bb5 Ne4 8. cxd4 Bb6 9. Nc3 O-O 10. Be3 Bg4 11. h3 Bh5 12. Qa4 Ne7 13.
Bd3 Bg6 14. Qc2 f5 15. Ne2 Bf7 16. b4 Ng6 17. g3 Re8 18. h4 Qe7 19. Rb1 a5 20. b5 Rac8 21. Ng5 Ba7 22. O-O c5 23. bxc6 bxc6 24. f4 Nf8 25. Rfc1 Bh5 26. Ba6 Rc7 27. Kh2 h6 28. Nxe4 fxe4 29. f5 Qf7 30. Rf1 c5 31. e6 Nxe6 32. fxe6 Qxe6 33. Bb5 Rec8 34. Nf4 Qf5 35. Nxd5 Qxd5 36. Bc4 cxd4 37. Bxd5+ Kh8 38. Rf8+ Rxf8 39. Qxc7 dxe3 40. Qxa7 1-0

[Event "EICC 2021"]
[Site "Reykjavik"]
[Date "2021.09.05"]
[Round "11.1"]
[White "Deac, Bogdan-Daniel"]
[Black "Demchenko, Anton"]
[Result "1/2-1/2"]
[ECO "D02"]
[WhiteElo "2639"]
[BlackElo "2597"]
[Annotator "RC"]
[PlyCount "56"]
[EventDate "2021.08.26"]
[EventType "swiss"]
[EventCountry "ISL"]
[Tiebreak "Cut1 Buchholz"]
[SourceTitle "playchess.com"]
[Source "ChessBase"]
[SourceQuality "1"]
[TimeControl "40/5400+30:1800+30"]

1. d4 Nf6 2. Nf3 g6 3. Nbd2 d5 4. Nb3 Bg7 5. Bf4 Nbd7 6.
e3 c5 7. dxc5 Nxc5 8. Nxc5 Qa5+ 9. c3 Qxc5 10. Qd4 Qxd4 11. exd4 O-O 12. a4 a5 13. Ne5 Ne4 14. Be2 g5 15. Be3 f6 16. Nd3 b6 17. O-O Bd7 18.
Rfe1 Rfc8 19. f3 Nd6 20. Nf2 Rab8 21. Bc1 Kf7 22. f4 h6 23. Bh5+ Kf8 24. Bf3 e6 25. fxg5 hxg5 26. h4 gxh4 27. Bf4 Nf7 28. Bxb8 Rxb8 1/2-1/2

[Event "EICC 2021"]
[Site "Reykjavik"]
[Date "2021.09.05"]
[Round "11.2"]
[White "Keymer, Vincent"]
[Black "Vocaturo, Daniele"]
[Result "1-0"]
[ECO "A13"]
[WhiteElo "2602"]
[BlackElo "2630"]
[Annotator "ChessBase"]
[PlyCount "79"]
[EventDate "2021.08.26"]
[EventType "swiss"]
[EventCountry "ISL"]
[Tiebreak "Cut1 Buchholz"]
[SourceTitle "playchess.com"]
[Source "ChessBase"]
[SourceQuality "1"]
[TimeControl "40/5400+30:1800+30"]

1. Nf3 Nf6 2. c4 e6 3. b3 d5 4. Bb2 Be7 5. e3 O-O 6. Nc3 c5 7. cxd5 exd5 8. d4 Nc6 9. Be2 Ne4 10. dxc5 Qa5 11. Rc1 Bf6 12. Nd4 Nxc5 13. Nxc6 bxc6 14. O-O Ne4 15. Qc2 Nxc3 16. Bxc3 Bxc3 17. Qxc3 Qxa2 18. Rc2 Qa3 19. Ra1 Qe7 20. Qxc6 Be6 21. Qc5 Qxc5 22. Rxc5 Rfd8 23. b4 d4 24. exd4 Rxd4 25. b5 Rd2 26. Bf3 Rad8 27. h3 R2d7 28. Rc3 Bd5 29. Bg4 Be6 30. Be2 Rd2 31. Bf3 Rb2 32. Bc6 g6 33. Rxa7 Rd1+ 34. Kh2 Rxf2 35. b6 Rb2 36. b7 Kg7 37. Rc5 Rdb1 38. Be4 Rd1 39. Raa5 Bd7 40. Rab5 1-0

[Event "EICC 2021"]
[Site "Reykjavik"]
[Date "2021.09.05"]
[Round "11.9"]
[White "Romanov, Evgeny"]
[Black "Bluebaum, Matthias"]
[Result "0-1"]
[ECO "A01"]
[WhiteElo "2594"]
[BlackElo "2674"]
[Annotator "ChessBase"]
[PlyCount "118"]
[EventDate "2021.08.26"]
[EventType "swiss"]
[EventCountry "ISL"]
[Tiebreak "Cut1 Buchholz"]
[SourceTitle "playchess.com"]
[Source "ChessBase"]
[SourceQuality "1"]
[TimeControl "40/5400+30:1800+30"]

1. b3 d5 2. Bb2 Bf5 3. d3 Nf6 4. Nd2 c5 5. Ngf3 Nc6 6. g3 Qc7 7. Bg2 e5 8. e4 dxe4 9. dxe4 Be6 10. O-O Rd8 11. Qc1 Be7 12. Ng5 Bc8 13.
Nc4 Nd4 14. Re1 Bg4 15. f3 Bc8 16. f4 Nd7 17. Nf3 exf4 18.
Nxd4 cxd4 19. e5 O-O 20. Qxf4 Nc5 21. Nd6 Ne6 22. Qf2 Bxd6 23. exd6 Qxd6 24. Rad1 b6 25. Bxd4 Nxd4 26. c3 Ne2+ 27. Qxe2 Qc5+ 28. Kh1 Rxd1 29. Rxd1 Qxc3 30. Qe7 a5 31. h4 h6 32. Kh2 Qc2 33. Rd8 Rxd8 34. Qxd8+ Kh7 35. Qxb6 Qxa2 36. Qc6 Be6 37. Qe4+ g6 38. b4 axb4 39. h5 Qc4 40. hxg6+ fxg6 41. Qb7+ Bf7 42. Qe7 b3 43. Qf6 Qe6 44. Qd4 Qe7 45. Be4 Qf8 46. Kg2 Qg7 47. Qb6 Qe5 48. Kf3 Kg7 49. Qb7 h5 50. Kf2 Qf6+ 51. Kg2 Kh6 52. Qb4 Be6 53. Qd2+ Kg7 54. Qb4 b2 55. Qb7+ Bf7 56. Qb4 Qe5 57. Qb7 Kh6 58. Kf2 Bd5 59. Bxd5 Qf5+ 0-1

[Event "EICC 2021"]
[Site "Reykjavik"]
[Date "2021.09.05"]
[Round "11.10"]
[White "Nisipeanu, Liviu-Dieter"]
[Black "Bjerre, Jonas Buhl"]
[Result "1/2-1/2"]
[ECO "E24"]
[WhiteElo "2671"]
[BlackElo "2550"]
[Annotator "ChessBase"]
[PlyCount "119"]
[EventDate "2021.08.26"]
[EventType "swiss"]
[EventCountry "ISL"]
[Tiebreak "Cut1 Buchholz"]
[SourceTitle "playchess.com"]
[Source "ChessBase"]
[SourceQuality "1"]
[TimeControl "40/5400+30:1800+30"]

1. d4 Nf6 2. c4 e6 3. Nc3 Bb4 4. f3 c5 5. a3 Bxc3+ 6. bxc3 Nc6 7. e4 d6 8. Be3 Qa5 9. Kf2 Qxc3 10. Ne2 Qa5 11. dxc5 dxc5 12. Qd6 Qd8 13. Bxc5 b6 14. Nc3 bxc5 15. Qxc6+ Bd7 16. Qxc5 Ng4+ 17. fxg4 Qf6+ 18. Ke3 Qxc3+ 19. Bd3 Rc8 20. Qd4 Qxd4+ 21. Kxd4 Ke7 22. Rab1 Rc7 23.
Rhc1 Rd8 24. g5 f6 25. gxf6+ gxf6 26. Ke3 Kd6 27. Rf1 Ke5 28. Rf4 Ba4 29. Rh4 Rcd7 30. Be2 f5 31. exf5 exf5 32. g3 Re7 33. Rb2 Bd1 34. Rh6 f4+ 35. gxf4+ Kf5+ 36. Kf2 Kxf4 37. Rh4+ Kg5 38. Rb5+ Kg6 39. Rg4+ Kf6 40. Rf4+ Kg6 41. Rb2 Kg5 42. Rf3 Rxe2+ 43. Rxe2 Bxe2 44. Kxe2 Rd4 45. Rc3 Rh4 46. h3 Kf6 47. c5 Ke7 48. Rd3 Rc4 49. Rd5 Rc3 50. Rh5 Kd7 51. Rxh7+ Kc6 52. h4 Rxa3 53. h5 Kxc5 54. h6 Rh3 55. Rh8 Kb4 56. Kf2 a5 57. Kg2 Rh5 58. Kg3 a4 59. Kg4 Rh1 60. Rb8+ 1/2-1/2

[Event "EICC 2021"]
[Site "Reykjavik"]
[Date "2021.09.05"]
[Round "11.11"]
[White "Lupulescu, Constantin"]
[Black "Ivic, Velimir"]
[Result "1/2-1/2"]
[ECO "D85"]
[WhiteElo "2659"]
[BlackElo "2571"]
[Annotator "ChessBase"]
[PlyCount "158"]
[EventDate "2021.08.26"]
[EventType "swiss"]
[EventCountry "ISL"]
[Tiebreak "Cut1 Buchholz"]
[SourceTitle "playchess.com"]
[Source "ChessBase"]
[SourceQuality "1"]
[TimeControl "40/5400+30:1800+30"]

1. d4 Nf6 2. c4 g6 3. Nc3 d5 4. cxd5 Nxd5 5. e4 Nxc3 6. bxc3 Bg7 7. Bb5+ c6 8. Ba4 O-O 9. Ne2 b5 10. Bb3 a5 11. O-O Nd7 12. a3 e5 13.
Be3 Qe7 14. f3 Ba6 15. Re1 c5 16. Bd5 Rad8 17. Qd2 exd4 18. cxd4 Nb6 19. Bg5 Qd6 20. Bxd8 Rxd8 21. Qxa5 Nxd5 22. exd5 cxd4 23. Rad1 Ra8 24. Nxd4 Be5 25. Rxe5 Qxe5 26. Nc6 Qe3+ 27. Kh1 Bb7 28. Qxb5 Re8 29. h3 Bc8 30. Qd3 Qf2 31. Qf1 Qc5 32. Re1 Bd7 33. Rxe8+ Bxe8 34. a4 Kf8 35. Qa1 Bxc6 36. dxc6 Qxc6 37. a5 Qa6 38. Qh8+ Ke7 39. Qe5+ Kd7 40. Qd5+ Ke7 41. Qc5+ Kd7 42. Kh2 Qf6 43. Qb5+ Kc7 44. Qc4+ Kb7 45. f4 Qd6 46. Qxf7+ Ka6 47. Qc4+ Kxa5 48. Qc3+ Kb6 49. Qe5 Qd2 50. Kg3 Kc6 51. Kf3 Kd7 52. h4 Qd3+ 53. Kg4 Qd1+ 54. Kg3 Qd3+ 55. Kg4 Qd1+ 56. Kg3 Qd3+ 57. Kh2 h5 58. Kg1 Qd1+ 59. Kf2 Qd2+ 60. Kf3 Qd3+ 61. Qe3 Qf5 62. Qd4+ Ke6 63. Qe4+ Kf6 64. Qc6+ Kg7 65. Ke3 Qg4 66. Qc7+ Kh6 67. Qe5 Qg3+ 68. Kd4 Qf2+ 69. Kc3 Kh7 70. Qe7+ Kg8 71. Qe4 Kh7 72. Qe7+ Kg8 73. Qg5 Kf7 74. f5 Qxf5 75. Qxf5+ gxf5 76. Kd4 Ke6 77. Ke3 Ke5 78. g3 Ke6 79. Kf3 Ke5 1/2-1/2